 Dungeon Crawl Stone Soup version 0.26-a0-1132-ge9770dfcb6 (webtiles) character file.

Game seed: 3805510449722582278

17 Dracia the Ruffian (level 2, -3/29 HPs)
             Began as a Troll Monk on Dec 20, 2020.
             Slain by a gnoll
             ... wielding a +0 halberd
              (7 damage)
             ... on level 2 of the Dungeon.
             The game lasted 00:00:34 (469 turns).

Dracia the Ruffian (Troll Monk)                      Turns: 469, Time: 00:00:34

Health: -3/29      AC:  6    Str: 18    XL:     2   Next: 44%
Magic:  1/1        EV: 10    Int:  6    God:
Gold:   58         SH:  0    Dex: 12    Spells: 1/1 levels left

rFire    . . .     SeeInvis .     - Unarmed
rCold    . . .     Faith    .   (no shield)
rNeg     . . .     Spirit   .   a - +0 robe
rPois    .         Reflect  .   (helmet restricted)
rElec    .         Harm     .   (no cloak)
rCorr    .         Rampage  .   (gloves unavailable)
Will     .....                  (boots unavailable)
Stlth    ++........             (no amulet)
HPRegen  0.49/turn              (no ring)
MPRegen  0.07/turn              (no ring)

@: no status effects
A: large, unfitting armour, claws 3, regeneration 1, shaggy fur 1, tough skin 3
a: no special abilities


You were on level 2 of the Dungeon.
You visited 1 branch of the dungeon, and saw 2 of its levels.

You collected 58 gold pieces.


Innate Abilities, Weirdness & Mutations

You are too large for most types of armour.
You have claws for hands.
Your natural rate of healing is unusually fast.
You are covered in fur. (AC +1)
You have extremely tough skin. (AC +3)


   Skills:
 + Level 2.6 Fighting
 + Level 2.6 Dodging
 - Level 1.0 Stealth
 * Level 3.4 Unarmed Combat


You had one spell level left.
You didn't know any spells.
Your spell library was empty.

Inventory:

Armour
 a - a +0 robe (worn)
Scrolls
 b - a scroll of identify {unknown}
 d - 2 scrolls of noise {unknown}
 f - a scroll of blinking {unknown}
Potions
 c - a potion of lignification {unknown}
 e - a potion of brilliance {unknown}
 g - a potion of curing {unknown}

Dungeon Overview and Level Annotations

Branches:
Dungeon (2/15)

Altars:
# .. ########... #.......... #..)....^.. #@....... #.!.##... ggg....

..........
.......?...
........#...
#......$.#.#.
#..).....# .


You could see 3 gnolls.


Message History

You scratch Sigmund.
Sigmund is severely wounded.
The gnoll closely misses you.
The gnoll hits you from afar with a +0 spear.
The gnoll closely misses you.
You closely miss Sigmund.
Sigmund is severely wounded.
The gnoll barely misses you. Sigmund says, "I'm your fate." Sigmund misses you.
The gnoll hits you from afar with a +0 spear!
* * * LOW HITPOINT WARNING * * *
The gnoll barely misses you.
You claw Sigmund!
Sigmund is almost dead.
The gnoll barely misses you.
The gnoll hits you from afar with a +0 spear!
* * * LOW HITPOINT WARNING * * *
Sigmund gestures at you while chanting. You resist with significant effort.
You barely miss Sigmund.
Sigmund is almost dead.
The gnoll closely misses you. The gnoll hits you but does no damage.
The gnoll barely misses you. Sigmund barely misses you.
Unknown command.
You claw Sigmund!
You kill Sigmund!
The gnoll barely misses you.
The gnoll hits you from afar with a +0 halberd!
You die...

Action                   || total
-------------------------++-------
Melee: Unarmed           ||    56
 Stab: Sleeping          ||     2
Armor: Robe              ||    11
Dodge: Dodged            ||    27

Levels and vault maps discovered:
D:1:      lightli_iron_boxes, layout_basic, hangedman_decor_opposing, hex_large
D:2:      layout_basic, tso_oasis_becter, overflow_temple_1_default,
          minmay_tromino_v2, uniq_sigmund

Notes
Turn   | Place    | Note
-------+----------+-------------------------------------------
     0 | D:1      | Dracia the Troll Monk began the quest for the Orb.
     0 | D:1      | Reached XP level 1. HP: 22/22 MP: 0/0
   143 | D:1      | Reached XP level 2. HP: 19/29 MP: 1/1
   461 | D:2      | Noticed Sigmund
   469 | D:2      | Killed Sigmund
   469 | D:2      | Slain by a gnoll

Vanquished Creatures
  Sigmund (D:2)
  4 goblins (D:1)
  3 hobgoblins (D:1)
  3 kobolds (D:1)
  A ball python (D:1)
  A frilled lizard (D:1)
  4 rats (D:1)
17 creatures vanquished.

Table legend: (Time is in decaauts)
 A = Elapsed time spent in this place.
 B = Non-inter-level travel time spent in this place.
 C = Inter-level travel time spent in this place.
 D = Time resting spent in this place.
 E = Time spent auto-exploring this place.
 F = Levels seen in this place.
 G = Mean time per level.
                   A        B        C        D        E       F      G
               +--------+--------+--------+--------+--------+-----+--------+
         Total |    466 |    447 |     19 |      0 |    344 |   2 |  233.0 |
       Dungeon |    466 |    447 |     19 |      0 |    344 |   2 |  233.0 |
               +--------+--------+--------+--------+--------+-----+--------+

Top non-repeatable levels by time:
     D:1: 458 daAuts
     D:2: 7 daAuts

Table legend:
 A = Non-vault XP
 B = Vault XP
 C = Vault XP percentage of total XP
 D = Non-vault monster count
 E = Vault monster count
 F = Vault count percentage of total count
                 A         B        C        D         E       F
            +---------+---------+-------+---------+---------+-------
      Total |      25 |     223 |  89.9 |      16 |       1 |   5.9
            +---------+---------+-------+---------+---------+-------
        D:1 |      25 |       0 |   0.0 |      16 |       0 |   0.0
        D:2 |       0 |     223 | 100.0 |       0 |       1 | 100.0
            +---------+---------+-------+---------+---------+-------
